 Dungeon Crawl Stone Soup version 0.30-a0-772-g5528072 (webtiles) character file.

Game seed: 4909638029163280229

11320 Quaddy the Marksfrog (level 11, 0/75 HPs)
             Began as a Barachi Hunter on Feb 12, 2023.
             Was a High Priest of Okawaru.
             Slain by a yak (6 damage)
             ... on level 10 of the Dungeon.
             The game lasted 00:50:37 (9514 turns).

Quaddy the Marksfrog (Barachi Hunter)               Turns: 9514, Time: 00:50:38

Health: 0/75       AC: 12    Str: 14    XL:     11   Next: 75%
Magic:  14/14      EV: 12    Int:  9    God:    Okawaru [*****.]
Gold:   495        SH:  0    Dex: 19    Spells: 10/10 levels left

rFire   . . .      SeeInvis .    m - +1 arbalest
rCold   . . .      Faith    .    (shield currently unavailable)
rNeg    . . .      Spirit   .    x - +0 swamp dragon scales
rPois   +          Reflect  .    (no helmet)
rElec   .          Harm     .    a - +1 cloak
rCorr   .          Rampage  .    (no gloves)
Will    .....                    u - +0 pair of boots
Stlth   ++                       (no amulet)
HPRegen 0.32/turn                q - ring of poison resistance
MPRegen 0.14/turn                (no ring)

@: unable to hop, slow
A: amphibious, slowness 1, strong legs 1, +LOS
a: Hop, Renounce Religion, Heroism, Finesse, Duel


You were on level 10 of the Dungeon.
You worshipped Okawaru.
Okawaru was extremely pleased with you.
You visited 1 branch of the dungeon, and saw 10 of its levels.

You collected 589 gold pieces.
You spent 94 gold pieces at shops.

Inventory:

Hand Weapons
 g - the +2 shortbow "Diaw Tazi" {antimagic, *Slow Fly rPois rF+}
   (You found it on level 10 of the Dungeon)

   rF:        It protects you from fire.
   rPois:     It protects you from poison.
   Fly:       It grants you flight.
   *Slow:     It may slow you when you take damage.
 m - a +1 arbalest (weapon)
Missiles
 v - 3 throwing nets
Armour
 a - a +1 cloak (worn)
 u - a +0 pair of boots (worn)
 x - +0 swamp dragon scales (worn)
Jewellery
 e - an amulet of faith
 q - a ring of poison resistance (left hand)
Wands
 c - a wand of flame (2)
 w - a wand of polymorph (8)
Scrolls
 d - 4 scrolls of amnesia
 f - 5 scrolls of vulnerability
 h - a scroll of fog
 k - a scroll of identify
 o - a scroll of teleportation
 r - 3 scrolls of silence
 s - 2 scrolls of noise
 y - a scroll of torment
Potions
 b - a potion of magic
 i - a potion of curing
 j - 3 potions of might
 l - a potion of flight
 z - a potion of berserk rage
 B - a potion of attraction


   Skills:
 - Level 3.0 Fighting
 * Level 15.7 Ranged Weapons
 - Level 5.0 Armour
 - Level 4.0 Dodging
 - Level 3.0 Stealth
 + Level 5.2 Invocations
 - Level 5.0 Evocations


You had 10 spell levels left.
You didn't know any spells.
Your spell library contained the following spells:

 Spells                   Type           Power      Damage    Failure   Level
 Apportation              Tloc           0%         N/A       61%         1
 Cigotuvi's Dreadful Rot  Necr/Pois/Air  0%         N/A       75%         2
 Sublimation of Blood     Necr           0%         N/A       75%         2
 Wereblood                Tmut           0%         N/A       75%         2
 Dispel Undead            Necr           0%         3d6       100%        4
 Alistair's Intoxication  Tmut/Pois      0%         N/A       100%        5
 Conjure Ball Lightning   Conj/Air       0%         3x3d6     100%        6
 Discord                  Hex            0%         N/A       100%        8
 Disjunction              Tloc           0%         N/A       100%        8
 Death Channel            Necr           Unusable   N/A       N/A         6
 Summon Hydra             Summ           Unusable   N/A       N/A         7

Dungeon Overview and Level Annotations

Branches:
Dungeon (10/15)            Temple (0/1) D:5            Lair (0/5) D:9
    Orc: D:9-12

Altars:
Ashenzari
Elyvilon
Fedhas
Kikubaaqudgha
Nemelex Xobeh
Okawaru
Wu Jian
Yredelemnul
Zin

Shops:
D:3 *

Annotations:
D:6 3 runed translucent doors, heathens's ghost, novice MiBe


Innate Abilities, Weirdness & Mutations

You are amphibious.
You cover ground slowly.
You can hop short distances.
You have an extended range of vision and can be seen from far away.


Message History

The yak is heavily wounded.
The yak misses you.
Fire: m) +1 arbalest
Press: ? - help, Q - select action, (/) - cycle Shift-Dir - straight line, f/p - yak
Aim: a yak (76% to hit)
You shoot a bolt. The bolt hits the yak!
The yak is moderately wounded.
The yak gores you!
* * * LOW HITPOINT WARNING * * *
Hop to where?
Press: ? - help, Dir - move target, p - yak Boing!
Okay, then.
Okay, then.
You feel better. The yak gores you.
You feel better. The yak gores you!
* * * LOW HITPOINT WARNING * * *
Fire: m) +1 arbalest
Press: ? - help, Q - select action, (/) - cycle Shift-Dir - straight line, f - yak
Aim: a yak (moderately wounded, 76% to hit)
You shoot a bolt. The bolt completely misses the yak.
The bolt hits the yak!
The yak is almost dead.
The yak closely misses you.
Okay, then.
Fire: m) +1 arbalest
Press: ? - help, Q - select action, (/) - cycle Shift-Dir - straight line, f/p - yak
Aim: a yak (moderately wounded, 76% to hit)
You shoot a bolt. The bolt barely misses the yak.
The bolt hits the yak!!
You kill the yak!
Okawaru accepts your kill. The yak closely misses you.
Fire: m) +1 arbalest
Press: ? - help, Q - select action, (/) - cycle Shift-Dir - straight line, f/p - yak
Aim: a yak (moderately wounded, 76% to hit)
You shoot a bolt. The bolt hits the yak!!
The yak is severely wounded.
The yak gores you!
* * * LOW HITPOINT WARNING * * *
The yak gores you.
You die...

#.....####### #.....# ##)#.##
### #.#.#. ..# #.#.#.####.#
#######.#.#.#..#.#
.##.........#.#..#.# ######
.##.#####.###.#<.#.# ......
.##@# #...#.#.##.#
.._..##..#Y# ###...#.#....#
..?.....#)#...........#..#
.....P.#.#.####.##.#.#).. #P.
##.....#.#.......#.#.#)##
.....#..P...#.#......##.#.#.#
#....../..###.....[...#.#.#.##
......................#.#<#...
##.....Y#######.......#.#####.


You could see a yak.

Vanquished Creatures
  4 two-headed ogres
  Pikel (D:6)
  A deep troll (D:10)
  A harpy (D:9)
  Maggie (D:7)
  A troll (D:10)
  Prince Ribbit (D:6)
  A hornet (D:10)
  Grinder (D:4)
  A vampire (D:9)
  A shadow (D:8)
  A wyvern (D:9)
  Eustachio (D:6)
  A wraith (D:9)
  9 yaks
  4 steam dragons
  3 wargs (D:9)
  4 water moccasins
  An orc warrior (D:7)
  2 ice beasts (D:6)
  A sky beast (D:7)
  An ogre (D:6)
  5 centaurs
  A lemure (D:6)
  2 kobold brigands (D:9)
  A gnoll sergeant (D:8)
  A necrophage (D:5)
  2 bullfrogs (D:8)
  2 scorpions
  A water moccasin zombie (D:6)
  6 wights (D:7)
  11 killer bees
  2 howler monkeys
  3 jellies
  A quasit (D:8)
  A gnoll bouda (D:6)
  5 orc priests
  6 hounds
  An iguana (D:5)
  5 orc wizards
  A howler monkey zombie (D:6)
  5 gnolls (D:8)
  8 adders
  2 shadow imps
  7 ufetubi
  8 worms
  4 dart slugs
  43 orcs
  6 ball pythons
  2 endoplasms
  3 giant cockroaches
  6 goblins
  10 hobgoblins
  2 jackals (D:1)
  3 quokkas
  3 bats
  A frilled lizard (D:1)
  15 kobolds
  4 rats
231 creatures vanquished.

Vanquished Creatures (others)
  5 demonic plants (D:8)
  3 plants (D:7)
  6 withered plants (D:10)
14 creatures vanquished.

Grand Total: 245 creatures vanquished

Notes
Turn   | Place    | Note
-------+----------+-------------------------------------------
     0 | D:1      | Quaddy the Barachi Hunter began the quest for the Orb.
     0 | D:1      | Reached XP level 1. HP: 17/17 MP: 1/1
   117 | D:1      | Reached skill level 1 in Stealth
   259 | D:1      | Reached XP level 2. HP: 22/23 MP: 2/2
   776 | D:2      | Reached XP level 3. HP: 29/29 MP: 3/3
  1220 | D:3      | Reached XP level 4. HP: 35/35 MP: 4/4
  1247 | D:3      | Found Uchaofra's Assorted Antiques.
  1292 | D:3      | Bought an inky potion for 18 gold pieces
  1292 | D:3      | Bought a scroll labelled VUANIR SUOMUPEU for 20 gold pieces
  1292 | D:3      | Bought a murky brown potion for 18 gold pieces
  1292 | D:3      | Bought a scroll labelled VUANIR SUOMUPEU for 20 gold pieces
  1292 | D:3      | Bought a sedimented white potion for 18 gold pieces
  1298 | D:3      | Found a blossoming altar of Fedhas.
  1324 | D:3      | Found an iron altar of Okawaru.
  1324 | D:3      | Found a white marble altar of Elyvilon.
  1339 | D:3      | Became a worshipper of Warmaster Okawaru
  1462 | D:3      | Found a faded altar of an unknown god.
  1499 | D:3      | Reached XP level 5. HP: 41/41 MP: 5/5
  1538 | D:3      | Reached skill level 5 in Ranged Weapons
  1870 | D:4      | Reached XP level 6. HP: 25/47 MP: 6/6
  1873 | D:4      | Reached skill level 6 in Ranged Weapons
  2011 | D:4      | Noticed Grinder
  2017 | D:4      | Killed Grinder
  2017 | D:4      | Reached * piety under Okawaru
  2018 | D:4      | Reached skill level 7 in Ranged Weapons
  2018 | D:4      | Reached XP level 7. HP: 43/52 MP: 7/7
  2493 | D:5      | Entered Level 5 of the Dungeon
  2718 | D:5      | Reached skill level 1 in Invocations
  2786 | D:5      | Found a staircase to the Ecumenical Temple.
  3034 | D:5      | Found an ornate altar of the Wu Jian Council.
  3103 | D:5      | Reached skill level 8 in Ranged Weapons
  3485 | D:6      | Reached skill level 1 in Armour
  3489 | D:6      | Reached XP level 8. HP: 58/58 MP: 9/9
  3612 | D:6      | Reached ** piety under Okawaru
  3691 | D:6      | Noticed Prince Ribbit
  3736 | D:6      | Killed Prince Ribbit
  3737 | D:6      | Reached skill level 9 in Ranged Weapons
  4046 | D:6      | Found a runed translucent gate.
  4046 | D:6      | Found a runed translucent gate.
  4046 | D:6      | Found a runed translucent gate.
  4046 | D:6      | Noticed heathens's ghost (novice MiBe)
  4048 | D:6      | Found a basalt altar of Yredelemnul.
  4180 | D:6      | Reached skill level 10 in Ranged Weapons
  4355 | D:6      | Noticed Eustachio
  4357 | D:6      | Noticed Pikel
  4368 | D:6      | Killed Eustachio
  4368 | D:6      | Reached *** piety under Okawaru
  4368 | D:6      | Killed Pikel
  4369 | D:6      | Reached skill level 11 in Ranged Weapons
  4369 | D:6      | Reached XP level 9. HP: 63/63 MP: 10/10
  4382 | D:6      | Found a sparkling altar of Nemelex Xobeh.
  4791 | D:7      | Noticed Maggie
  4812 | D:7      | Killed Maggie
  4813 | D:7      | Reached skill level 12 in Ranged Weapons
  4988 | D:7      | Reached skill level 1 in Evocations
  5012 | D:7      | Reached **** piety under Okawaru
  5409 | D:7      | Noticed a troll
  5410 | D:7      | Noticed a cyclops
  5966 | D:8      | Reached XP level 10. HP: 66/70 MP: 11/11
  5969 | D:8      | Reached skill level 13 in Ranged Weapons
  6514 | D:7      | Found a glowing silver altar of Zin.
  6577 | D:7      | Noticed a deep elf pyromancer
  7301 | D:9      | Reached ***** piety under Okawaru
  7363 | D:9      | Reached skill level 5 in Evocations
  7457 | D:9      | Found a staircase to the Lair.
  7695 | D:9      | Found a broken altar of Ashenzari.
  7753 | D:9      | a troll changed into a harpy
  7753 | D:9      | Noticed a harpy
  7796 | D:9      | Saw a vision of the Shoals and the Snake Pit.
  7796 | D:9      | Noticed a sea snake
  7796 | D:9      | Noticed a water nymph
  7796 | D:9      | Noticed a merfolk impaler
  7796 | D:9      | Noticed a manticore
  7797 | D:9      | Noticed a salamander
  7880 | D:9      | Reached skill level 14 in Ranged Weapons
  8153 | D:9      | Reached XP level 11. HP: 75/75 MP: 13/13
  8160 | D:9      | Killed a harpy
  8184 | D:9      | Noticed a two-headed ogre
  8186 | D:9      | Reached skill level 5 in Armour
  8206 | D:9      | Killed a two-headed ogre
  8412 | D:9      | Noticed a salamander
  8413 | D:9      | Noticed a merfolk avatar
  8831 | D:10     | Entered Level 10 of the Dungeon
  8851 | D:10     | Reached skill level 15 in Ranged Weapons
  8886 | D:10     | Noticed a two-headed ogre
  8890 | D:10     | Killed a two-headed ogre
  8890 | D:10     | Received a gift from Okawaru
  9065 | D:10     | Identified the +2 shortbow "Diaw Tazi" {antimagic, *Slow
                  | Fly rPois rF+}
  9111 | D:10     | Noticed a deep troll
  9123 | D:10     | Killed a deep troll
  9374 | D:10     | Noticed a two-headed ogre
  9380 | D:10     | Killed a two-headed ogre
  9477 | D:10     | Found an ancient bone altar of Kikubaaqudgha.
  9484 | D:10     | Noticed a two-headed ogre
  9499 | D:10     | Killed a two-headed ogre
  9500 | D:10     | Reached skill level 5 in Invocations
  9514 | D:10     | Slain by a yak

Illustrated notes

Levels and vault maps discovered:
D:1:      dpeg_arrival_signposts, layout_loops_ring
D:2:      layout_basic
D:3:      layout_rooms, lemuel_crystal_altar, gammafunk_temple_overflow_statue,
          hellmonk_ecumenical_altar_arch_garden, serial_shops,
          nicolae_shop_waterfront
D:4:      layout_cave_pools, nicolae_wormholes, uniq_grinder
D:5:      layout_loops_ring, nicolae_wu_jian_wuxing_cycle,
          minmay_temple_entry_wispy, minmay_misc_feat_encased,
          nicolae_elevator_lobby_asterisk
D:6:      layout_cave_pods, nemelex_xobeh_ov_fountains_minmay,
          nicolae_yredelemnul_ghost_church, minmay_diced_spiral, uniq_pikel,
          uniq_prince_ribbit1, uniq_eustachio
D:7:      nzn_winding_woodlands_stair_cross [nzn_winding_woodlands_5x15_garden,
          nzn_winding_woodlands_center_triple_pond,
          nzn_winding_woodlands_5x15_split_checker,
          nzn_winding_woodlands_5x5_cross, nzn_winding_woodlands_5x5_perimeter,
          nzn_winding_woodlands_5x15_pockets,
          nzn_winding_woodlands_center_pierced_h,
          nzn_winding_woodlands_5x15_sawtooth], layout_rooms, zin_scriptorium,
          fountainhead, uniq_maggie
D:8:      layout_loops_corners, serial_demonic, serial_demonic_c,
          serial_demonic_d, serial_demonic_b, serial_demonic_g,
          serial_demonic_c, serial_demonic_e
D:9:      layout_stronghold, grunt_ashenzari_visionary
          [grunt_ashenzari_visionary_shoals, grunt_ashenzari_visionary_snake],
          erik_lair_orcish_takeover, minmay_misc_feat_pillars
D:10:     dreamdust_cave_troll, layout_basic, kiku_gazebo_garden_becter,
          lightli_temple_of_fire

Skill      XL: |  1  2  3  4  5  6  7  8  9 10 11 |
---------------+----------------------------------+-----
Stealth        | 1 2 3 |  3.0
Fighting       | 3 |  3.0
Dodging        | 3 4 |  4.0
Ranged Weapons | 5 7 8 11 12 14 15 | 15.7
Invocations    | 2 5 |  5.2
Armour         | 1 3 4 5 |  5.0
Evocations     | 2 5 |  5.0

Action                     |  1- 3 |  4- 6 |  7- 9 | 10-12 || total
---------------------------+-------+-------+-------+-------++-------
   Fire: Shortbow          |    85 |   128 |   414 |    37 ||   664
         Arbalest          |       |       |       |   307 ||   307
 Invoke: Heroism           |       |       |     1 |     3 ||     4
         Finesse           |       |       |       |     1 ||     1
Ability: Hop               |       |     2 |     6 |    12 ||    20
  Evoke: Wand              |       |     4 |    14 |    13 ||    31
    Use: Scroll            |     3 |     6 |     6 |     8 ||    23
         Potion            |       |       |     7 |    17 ||    24
 Armour: Leather armour    |     7 |    16 |     9 |       ||    32
         Skin              |       |       |    19 |    40 ||    59
         Swamp dragon scal |       |       |    48 |    94 ||   142
  Dodge: Dodged            |    13 |    36 |   105 |   163 ||   317

Table legend: (Time is in decaauts)
 A = Elapsed time spent in this place.
 B = Non-inter-level travel time spent in this place.
 C = Inter-level travel time spent in this place.
 D = Time resting spent in this place.
 E = Time spent auto-exploring this place.
 F = Levels seen in this place.
 G = Mean time per level.
                   A        B        C        D        E       F      G
               +--------+--------+--------+--------+--------+-----+--------+
         Total |  10781 |  10084 |    697 |    255 |   7786 |  10 | 1078.1 |
       Dungeon |  10781 |  10084 |    697 |    255 |   7786 |  10 | 1078.1 |
               +--------+--------+--------+--------+--------+-----+--------+

Top non-repeatable levels by time:
     D:6: 1633 daAuts
     D:9: 1548 daAuts
     D:8: 1484 daAuts
     D:7: 1310 daAuts
     D:5: 1117 daAuts
     D:1: 922 daAuts
     D:4: 871 daAuts
    D:10: 740 daAuts
     D:3: 635 daAuts
     D:2: 516 daAuts
